 Dungeon Crawl Stone Soup version 0.25.1-9-gc5326a611f (webtiles) character file.

Game seed: 6544510006915491767

39 teolandon225 the Cutter (level 3, -11/28 HPs)
             Began as a Merfolk Gladiator on Dec 26, 2020.
             Mangled by an iguana (12 damage)
             ... on level 2 of the Dungeon.
             The game lasted 00:04:45 (896 turns).

teolandon225 the Cutter (Merfolk Gladiator)          Turns: 896, Time: 00:04:45

Health: -11/28     AC:  4    Str: 15 (16) XL:     3   Next: 47%
Magic:  0/3        EV: 13    Int:  5 (7)  God:
Gold:   50         SH:  0    Dex: 14 (16) Spells: 2/2 levels left

rFire    . . .     SeeInvis .   n - +0 dagger (vamp)
rCold    . . .     Gourm    .   (no shield)
rNeg     . . .     Faith    .   b - +0 leather armour
rPois    .         Spirit   +   c - +0 helmet
rElec    .         Reflect  .   (no cloak)
rCorr    .         Harm     .   (no gloves)
MR       .....                  (no boots)
Stlth    ++........             h - amulet of guardian spirit
HPRegen  0.09/turn              i - ring of wizardry
MPRegen  0.08/turn              (no ring)

@: no status effects
A: change form in water, swift swim, stealthy swim, high mp 1, strong 1, no
potion heal 1
a: no special abilities


You were on level 2 of the Dungeon.
You were not hungry.

You visited 1 branch of the dungeon, and saw 2 of its levels.

You collected 50 gold pieces.

Inventory:

Hand Weapons
 a - a +0 rapier
 n - a +0 vampiric dagger (weapon)
Missiles
 d - 3 throwing nets (quivered)
Armour
 b - a +0 leather armour (worn)
 c - a +0 helmet (worn)
 p - a +0 buckler
Jewellery
 h - an amulet of guardian spirit (around neck)
 i - a ring of wizardry (left hand)
Scrolls
 o - a scroll of blinking {unknown}
Potions
 k - a potion of degeneration
Comestibles
 f - 3 rations
 g - 2 chunks of flesh


   Skills:
 * Level 2.8 Fighting
 * Level 4.2 Short Blades
 - Level 2.0 Throwing
 + Level 0.5 Armour
 + Level 4.1 Dodging
 * Level 1.4 Stealth


You had 2 spell levels left.
You didn't know any spells.
Your spell library was empty.

Dungeon Overview and Level Annotations

Branches:
Dungeon (2/15)

Altars:


Innate Abilities, Weirdness & Mutations

You revert to your normal form in water.
You are very nimble and swift while swimming.
You are very stealthy in the water. (Stealth+)
You have an increased reservoir of magic. (+10% MP)
Your muscles are strong. (Str +2)
Potions are less effective at restoring your health.


Message History

You feel more energetic.
Your system partially rejects the healing effects of potions.
You feel stronger. The iguana barely misses you.
You bump into the rock wall.
You feel less invigorated.
You feel less confused. The iguana bites you.
You hit the iguana but do no damage. The iguana completely misses you.
You hit the iguana but do no damage. The iguana bites you.
You hit the iguana.
The iguana is lightly wounded.
The iguana bites you but does no damage.
You hit the iguana but do no damage.
The iguana is lightly wounded.
You barely miss the iguana.
The iguana is lightly wounded.
The iguana bites you!
* * * LOW HITPOINT WARNING * * *
You hit the iguana but do no damage. The iguana bites you!
You die...

##.## #.......#..#..#..#
###...###...)...#........#
#......##.......#.......#
##...(...#...>...####.####
#.........######## #.#
#........<....# #.#
#....)....###.# #)#
##(.......# #.#######.#
##.....#.# #.@l......#
##......# ###########
########


You could see an iguana.

Vanquished Creatures
  An adder skeleton (D:2)
  3 leopard geckos (D:1)
  A giant cockroach (D:1)
  3 goblins (D:1)
  7 hobgoblins
  A ball python (D:1)
  A bat (D:1)
  3 frilled lizards (D:1)
  6 kobolds (D:1)
  7 rats (D:1)
33 creatures vanquished.

Notes
Turn   | Place    | Note
-------+----------+-------------------------------------------
     0 | D:1      | teolandon225 the Merfolk Gladiator began the quest for the
                  | Orb.
     0 | D:1      | Reached XP level 1. HP: 16/16 MP: 1/1
     1 | D:1      | Noticed an electric eel
   176 | D:1      | Reached XP level 2. HP: 22/23 MP: 2/2
   213 | D:1      | Reached skill level 1 in Stealth
   496 | D:1      | Reached XP level 3. HP: 26/28 MP: 3/3
   884 | D:2      | Gained mutation: You have an increased reservoir of magic.
                  | (+10% MP) [potion of mutation]
   884 | D:2      | Gained mutation: Potions are less effective at restoring
                  | your health. [potion of mutation]
   884 | D:2      | Gained mutation: Your muscles are strong. (Str +2) [potion
                  | of mutation]
   893 | D:2      | HP: 1/28 [iguana (8)]
   896 | D:2      | Mangled by an iguana

Illustrated notes

Levels and vault maps discovered:
D:1:      arrival_aquarium_a, layout_rooms, st_stairs_5, columned_hall_lemuel,
          minmay_crystal_water, minmay_crystal_room
D:2:      layout_loops_cross, lemuel_round_altar, serial_undead,
          serial_undead_a, serial_undead_b, serial_undead_c, serial_undead_c,
          serial_undead_c, serial_undead_a, serial_undead_e

Skill      XL: |  1  2 |
---------------+-------+-----
Stealth        | 1 |  1.4
Short Blades   | 4 |  4.2
Fighting       | |  2.8
Throwing       | |  2.0
Armour         | |  0.5
Dodging        | |  4.1

Action                   || total
-------------------------++-------
Melee: Rapier            ||    96
       Dagger            ||    11
  Use: Potion            ||     3
       Scroll            ||     2
 Stab: Sleeping          ||     2
Armor: Leather armour    ||    26
Dodge: Dodged            ||    86
